 Dungeon Crawl Stone Soup version 0.29-a0-380-gf50f0a9fbc (webtiles) character file.

Game seed: 7578794151246876178

198 Antichthon the Skirmisher (level 6, -2/48 HPs)
             Began as a Formicid Abyssal Knight on May 5, 2022.
             Was a Priest of Lugonu.
             Slain by a gnoll
             ... wielding a +0 spear
              (7 damage)
             ... on level 4 of the Dungeon.
             The game lasted 00:04:35 (3553 turns).

Antichthon the Skirmisher (Formicid Abyssal Knight) Turns: 3553, Time: 00:04:36

Health: -2/48      AC: 10    Str: 18    XL:     6   Next: 6%
Magic:  6/8        EV:  7    Int:  9    God:    Lugonu [***...]
Gold:   57         SH:  0    Dex: 13    Spells: 5/5 levels left

rFire   + . .      SeeInvis +   a - +1 falchion
rCold   . . .      Faith    .   (no shield)
rNeg    . . .      Spirit   .   g - +0 chain mail
rPois   .          Reflect  .   (helmet unavailable)
rElec   .          Harm     .   (no cloak)
rCorr   .          Rampage  .   (no gloves)
Will    .....                   j - +0 pair of boots
Stlth   ..........              (no amulet)
HPRegen 0.16/turn               (no ring)
MPRegen 0.11/turn               (no ring)

@: no status effects
A: permanent stasis, dig shafts and tunnels, antennae 3, four strong arms, fire
resistance 1, mutation resistance 1
a: Dig, Shaft Self, Renounce Religion, Depart the Abyss, Bend Space, Banish


You were on level 4 of the Dungeon.
You worshipped Lugonu.
Lugonu was most pleased with you.
You visited 1 branch of the dungeon, and saw 4 of its levels.
You visited the Abyss 1 time.

You collected 145 gold pieces.
You spent 88 gold pieces at shops.

Inventory:

Hand Weapons
 a - a +1 falchion (weapon)
Missiles
 i - a throwing net
Armour
 g - a +0 chain mail (worn)
 j - a +0 pair of boots (worn)
Wands
 h - a wand of flame (8)
Scrolls
 b - a scroll of vulnerability
 e - a scroll of enchant armour
 k - a scroll of torment
Potions
 c - a potion of brilliance
 f - 2 potions of curing
 l - a potion of heal wounds {unknown}


   Skills:
 * Level 4.0 Fighting
 * Level 3.2 Long Blades
 * Level 1.5 Crossbows
 * Level 3.2 Armour
 * Level 1.4 Dodging
 * Level 1.1 Stealth
 * Level 1.4 Shields
 * Level 2.8 Invocations
 * Level 1.0 Evocations


You had 5 spell levels left.
You didn't know any spells.
Your spell library contained the following spells:

 Spells                   Type           Power      Damage    Failure   Level
 Foxfire                  Conj/Fire      0%         2x1d4     99%         1
 Magic Dart               Conj           0%         1d3       99%         1
 Slow                     Hex            0%         N/A       99%         1
 Searing Ray              Conj           0%         2d4       100%        2
 Confusing Touch          Hex            0%         N/A       100%        3
 Conjure Flame            Conj/Fire      0%         6-21      100%        3
 Inner Flame              Hex/Fire       0%         N/A       100%        3
 Vampiric Draining        Necr           0%         2d6       100%        3
 Flame Wave               Conj/Fire      0%         2d4       100%        4
 Fulminant Prism          Conj/Hex       0%         3d6       100%        4


Dungeon Overview and Level Annotations

Branches:
Dungeon (4/15)
 Temple: D:4-7

Altars:

Shops:
D:2 !


Innate Abilities, Weirdness & Mutations

You cannot be hasted, slowed, berserked, paralysed or teleported.
You can dig through walls and to a lower floor.
You have a pair of large antennae on your head. (SInv)
Your four strong arms can wield two-handed weapons with a shield.
Your flesh is heat resistant. (rF+)
You are somewhat resistant to further mutation.


Message History

The phantom is severely damaged.
The phantom hits you.
You completely miss the phantom.
The phantom is severely damaged.
The phantom hits you.
You barely miss the phantom.
The phantom is severely damaged.
The phantom hits you but does no damage.
You hit the phantom.
The phantom is almost destroyed.
The phantom completely misses you. The phantom hits you.
You hit the phantom.
The phantom is almost destroyed.
A gnoll comes into view. It is wielding a +0 halberd.
The phantom hits you.
You closely miss the phantom.
The phantom is almost destroyed.
The gnoll shouts!
The phantom hits you but does no damage.
You barely miss the phantom.
The phantom is almost destroyed.
The phantom completely misses you.
You hit the phantom.
You destroy the phantom!
Lugonu accepts your kill.
Your Fighting skill increases to level 4!
Your Long Blades skill increases to level 3!
Your Armour skill increases to level 3!
Your Stealth skill increases to level 1!
Your Evocations skill increases to level 1!
You have reached level 6!
You hit the kobold.
You kill the kobold!
Lugonu accepts your kill.
The gnoll hits you from afar with a +0 spear.
* * * LOW HITPOINT WARNING * * *
The gnoll hits you with a +0 spear!
* * * LOW HITPOINT WARNING * * *
The gnoll hits you from afar with a +0 spear!
You die...

≈≈≈≈≈≈≈.#...#
J.≈≈≈≈≈.#...#
≈≈≈≈♣..w..# ........#
#......# ......# #.w#
......# ##g# .....#
#g#
##...#########@######
#........##.........#
#........##.....[...#
#...................#
#............#.######
#####<..##.....#.#
........##.....#.#
........##.....#.#
.......#########.#


You could see a worm and 2 gnolls.

Vanquished Creatures
  A phantom (D:4)
  5 adders
  2 worms (D:2)
  A dart slug (D:3)
  An orc (D:4)
  6 endoplasms
  2 giant cockroaches (D:2)
  6 goblins
  7 hobgoblins
  2 jackals (D:2)
  9 kobolds
  3 quokkas
  7 ball pythons
  6 bats
  2 frilled lizards
  5 rats
65 creatures vanquished.

Vanquished Creatures (others)
  A plant (D:4)
1 creature vanquished.

Grand Total: 66 creatures vanquished

Notes
Turn   | Place    | Note
-------+----------+-------------------------------------------
     0 | Abyss:1  | Antichthon the Formicid Abyssal Knight began the quest for
                  | the Orb.
     0 | Abyss:1  | Reached XP level 1. HP: 18/18 MP: 2/2
     0 | D:1      | Escaped the Abyss
   276 | D:1      | Reached ** piety under Lugonu
   352 | D:1      | Reached skill level 1 in Dodging
   352 | D:1      | Reached XP level 2. HP: 22/24 MP: 3/3
  1491 | D:2      | Reached XP level 3. HP: 30/30 MP: 4/4
  1696 | D:2      | Reached skill level 1 in Crossbows
  2043 | D:2      | Reached XP level 4. HP: 37/37 MP: 5/5
  2122 | D:2      | Found Udyhuos's Distillery.
  2351 | D:2      | Found a faded altar of an unknown god.
  2692 | D:2      | Bought a potion of mutation for 88 gold pieces
  2692 | D:2      | Gained mutation: Your flesh is heat resistant. (rF+)
                  | [potion of mutation]
  2692 | D:2      | Gained mutation: You are somewhat resistant to further
                  | mutation. [potion of mutation]
  2839 | D:3      | Reached *** piety under Lugonu
  3058 | D:3      | Reached skill level 1 in Shields
  3179 | D:3      | Reached XP level 5. HP: 42/42 MP: 6/6
  3521 | D:4      | Noticed a phantom
  3551 | D:4      | Killed a phantom
  3552 | D:4      | Reached skill level 4 in Fighting
  3552 | D:4      | Reached skill level 1 in Stealth
  3552 | D:4      | Reached skill level 1 in Evocations
  3552 | D:4      | Reached XP level 6. HP: 16/48 MP: 6/8
  3553 | D:4      | Slain by a gnoll

Illustrated notes

Levels and vault maps discovered:
D:1:      dpeg_arrival_arbitrary_a, layout_basic
D:2:      layout_rooms, dreamdust_ecumenical_altar_sealed_demon, serial_shops,
          nicolae_shop_behind_doors
D:3:      layout_basic
D:4:      mumra_celtic_spiral_tile, layout_basic, serial_bayou_pond_b,
          minmay_manual_mandibuliform

Skill      XL: |  1  2  3  4  5 |
---------------+----------------+-----
Dodging        | 1 |  1.4
Crossbows      | 1 |  1.5
Shields        | 1 |  1.4
Fighting       | 4 |  4.0
Long Blades    | 3 |  3.2
Armour         | 3 |  3.2
Stealth        | 1 |  1.1
Evocations     | 1 |  1.0
Invocations    | |  2.8

Action                   |  1- 3 |  4- 6 || total
-------------------------+-------+-------++-------
Melee: Falchion          |   116 |   111 ||   227
       Punch             |       |     1 ||     1
Invok: Depart the Abyss  |     1 |       ||     1
  Use: Scroll            |       |     7 ||     7
       Potion            |       |     1 ||     1
Armor: Leather armour    |     9 |       ||     9
       Chain mail        |    59 |    72 ||   131
Dodge: Dodged            |    69 |    61 ||   130

Table legend: (Time is in decaauts)
 A = Elapsed time spent in this place.
 B = Non-inter-level travel time spent in this place.
 C = Inter-level travel time spent in this place.
 D = Time resting spent in this place.
 E = Time spent auto-exploring this place.
 F = Levels seen in this place.
 G = Mean time per level.
                   A        B        C        D        E       F      G
               +--------+--------+--------+--------+--------+-----+--------+
         Total |   3594 |   3479 |    115 |      0 |   2808 |   5 |  718.8 |
       Dungeon |   3594 |   3479 |    115 |      0 |   2808 |   4 |  898.5 |
         Abyss |      0 |      0 |      0 |      0 |      0 |   1 |    0.0 |
               +--------+--------+--------+--------+--------+-----+--------+

Top non-repeatable levels by time:
     D:1: 1496 daAuts
     D:2: 1215 daAuts
     D:3: 815 daAuts
     D:4: 67 daAuts
